 Dungeon Crawl Stone Soup version 0.20-a0-723-gf57855b (webtiles) character file.

77 Magnus the Skirmisher (level 4, -1/35 HPs)
             Began as a Mummy Skald on Feb 22, 2017.
             Slain by an adder (4 damage)
             ... on level 2 of the Dungeon.
             The game lasted 00:04:27 (3178 turns).

Magnus the Skirmisher (Mummy Skald)                 Turns: 3178, Time: 00:04:28

Health: -1/35      AC:  3    Str: 14    XL:     4   Next: 14%
Magic:  8/8        EV: 11    Int: 12    God:
Gold:   78         SH:  0    Dex: 12    Spells: 7/8 levels left

rFire    x . .     SeeInvis .   d - +0 dagger (curse)
rCold    + . .     Gourm    .   b - +0 leather armour
rNeg     + + +     Faith    .   (no shield)
rPois    ∞         Spirit   .   (no helmet)
rElec    .         Reflect  .   (no cloak)
rCorr    .         Harm     .   (no gloves)
MR       .....                  (no boots)
Stlth    +.........             (no amulet)
Regen    0.2/turn               (no ring)
MPRegen  0.2/turn               (no ring)

@: no status effects
A: no food or potions, fire vulnerability, cold resistance 1, negative energy
resistance 3, torment resistance, unbreathing
a: no special abilities


You were on level 2 of the Dungeon.
You were not hungry.

You visited 1 branch of the dungeon, and saw 2 of its levels.

You collected 78 gold pieces.

Inventory:

Hand Weapons
 a - a +0 falchion
 d - a cursed +0 dagger (weapon)
Armour
 b - a +0 leather armour (worn)
Scrolls
 e - a scroll of teleportation
 f - a scroll of random uselessness
Books
 c - a book of Battle

   Spells                             Type                      Level
   a - Infusion                       Charms                       1
   b - Shroud of Golubria             Charms/Translocation         2
   c - Song of Slaying                Charms                       2
   d - Spectral Weapon                Hexes/Charms                 3
   e - Regeneration                   Charms/Necromancy            3


   Skills:
 + Level 3.5 Fighting
 + Level 2.7 Long Blades
 - Level 0.7 Armour
 - Level 1.5 Dodging
 - Level 2.6 Spellcasting
 - Level 2.4 Charms


You had 7 spell levels left.
You knew the following spells:

 Your Spells              Type           Power        Failure   Level  Hunger
a - Infusion              Chrm           #...         14%         1    N/A

Dungeon Overview and Level Annotations

Branches:
Dungeon (2/15)

Altars:


Innate Abilities, Weirdness & Mutations

You do not eat or drink.
Your flesh is vulnerable to fire.
You are immune to poison.
Your flesh is cold resistant. (rC+)
You are immune to negative energy. (rN+++)
You are immune to unholy pain and torment.
You can survive without breathing.


Message History

You barely miss the adder.
The adder is severely wounded.
The adder barely misses you.
You hit the adder.
The adder is almost dead.
The adder closely misses you.
You miss the adder.
The adder is severely wounded.
The adder barely misses you. The adder bites you.
* * * LOW HITPOINT WARNING * * *
You closely miss the adder.
The adder is severely wounded.
The adder misses you.
You hit the adder.
The adder is almost dead.
The adder misses you.
You hit the adder but do no damage.
The adder is almost dead.
The adder bites you.
You die...

##..##..# #.# ######..#
##### #w#
.........########...#
#.#
................#...#
#.#
...############.....#
#.# .. ##....# #.###
#....# #.#..
..##########....####.#.#
.....gS@........>....#..
..###########..#.#####..
##.#.#...... #.#.#.###..
#...#...... ##..#######
#....# ##.).# # #...# #


You could see an adder and a hobgoblin.

Vanquished Creatures
  3 adders (D:2)
  An ooze (D:1)
  3 dart slugs
  2 bats
  A giant cockroach (D:1)
  6 goblins
  6 hobgoblins
  3 jackals (D:2)
  3 frilled lizards
  6 kobolds (D:1)
  6 rats
40 creatures vanquished.

Notes
Turn   | Place    | Note
-------+----------+-------------------------------------------
     0 | D:1      | Magnus the Mummy Skald began the quest for the Orb.
     0 | D:1      | Reached XP level 1. HP: 16/16 MP: 4/4
   281 | D:1      | Reached XP level 2. HP: 17/23 MP: 5/5
  1619 | D:1      | Reached XP level 3. HP: 27/28 MP: 7/7
  1662 | D:2      | Reached skill level 3 in Fighting
  2847 | D:2      | Reached XP level 4. HP: 29/35 MP: 8/8
  3178 | D:2      | Slain by an adder

Vault maps used:
D:1:      shiori_shiawase
D:2:      old_standard_altar, minmay_cupped

Skill      XL: |  1  2  3 |
---------------+----------+-----
Long Blades    | 2 |  2.7
Fighting       | 3 |  3.5
Armour         | |  0.7
Dodging        | |  1.5
Spellcasting   | |  2.6
Charms         | |  2.4

Action                   |  1- 3 |  4- 6 || total
-------------------------+-------+-------++-------
Melee: Falchion          |    12 |       ||    12
       Dagger            |   255 |    37 ||   292
  Use: Scroll            |     4 |       ||     4
Armor: Leather armour    |    69 |     3 ||    72
Dodge: Dodged            |   169 |    17 ||   186
       Rpst.: Falchion   |     3 |       ||     3
